3A
HARRISBURG HARRIERS @ LOUISIANA DRAGOONS
07/12/2020
 
TOP OF THE 1ST
Harrisburg Harriers batting - Pitching for Louisiana Dragoons : LHP Christian Walsh
Pitching: LHP Christian Walsh
Batting: RHB Bartolo Morales 0-0: Ground out 5-3 (Groundball, 5)
Batting: LHB Eric Porter 0-0: Fly out, F5 (Popup, 5F)
Batting: RHB Keith MacKey 0-0: Reached on Error, E8 (Flyball, 8RD)
Batting: RHB Martín Álvarez 0-0: SINGLE (Line Drive, 7LS)
Keith MacKey to third
Batting: RHB Patrizio Vanali 0-0: Called Strike
0-1: Swinging Strike
0-2: Foul Ball, location: 2F
0-2: Ball
1-2: Ball
2-2: SINGLE (Line Drive, 4D)
Keith MacKey scores
Martín Álvarez to second
Runner from 2nd tries for 3rd, SAFE, no throw or cutoff
Batting: RHB Bartolo Benítez 0-0: Ball
1-0: Called Strike
1-1: Swinging Strike
1-2: Ball
2-2: Foul Ball, location: 2F
2-2: Ball
3-2: Strikes out swinging
Top of the 1st over - 1 run(s), 2 hit(s), 1 error(s), 2 left on base; Harrisburg 1 - Louisiana 0
BOTTOM OF THE 1ST
Louisiana Dragoons batting - Pitching for Harrisburg Harriers : LHP Jeff Schneider
Pitching: LHP Jeff Schneider
Batting: RHB Gary Perkins 0-0: Ball
1-0: Foul Ball, location: 2F
1-1: SINGLE (Line Drive, 6MD)
Batting: RHB José Fuentes 0-0: Called Strike
0-1: Fly out, F7 (Popup, 78S)
Batting: RHB Félix De La Hoya 0-0: Called Strike
0-1: Ball
1-1: Ball
2-1: Hit by Pitch
Gary Perkins to second
Batting: RHB Victorino Navarro 0-0: Foul Ball, location: 2F
0-1: Ball
1-1: Ball
Gary Perkins steals 3rd base
Félix De La Hoya to second
2-1: Foul Ball, location: 2F
2-2: SINGLE (Line Drive, 4M)
Gary Perkins scores
Félix De La Hoya to third
Runner from 3rd tries for Home, SAFE, no throw or cutoff
Batting: SHB Phil Moore 0-0: Ball
Victorino Navarro is caught stealing 2nd base
1-0: Ball
2-0: Called Strike
2-1: Ground out 2-3 (Groundball, 2L)
Bottom of the 1st over - 2 run(s), 2 hit(s), 0 error(s), 0 left on base; Harrisburg 1 - Louisiana 2
TOP OF THE 2ND
Harrisburg Harriers batting - Pitching for Louisiana Dragoons : LHP Christian Walsh
Batting: RHB Jim Scott 0-0: Called Strike
0-1: Ball
1-1: Foul Ball, location: 2F
1-2: Strikes out looking
Batting: RHB Mike Greene 0-0: SINGLE (Flyball, 8LS)
Batting: LHB Jim Unknown 0-0: Ball
1-0: Foul Ball, location: 2F
1-1: Foul Ball, location: 2F
1-2: Ball
2-2: Strikes out swinging
Batting: RHB Bartolo Morales 0-0: Called Strike
0-1: Swinging Strike
0-2: Ball
1-2: Ball
2-2: Strikes out swinging
Top of the 2nd over - 0 run(s), 1 hit(s), 0 error(s), 1 left on base; Harrisburg 1 - Louisiana 2
BOTTOM OF THE 2ND
Louisiana Dragoons batting - Pitching for Harrisburg Harriers : LHP Jeff Schneider
Batting: RHB Sancho Rodríguez 0-0: Ground out 5-3 (Groundball, 56S)
Batting: RHB Wessel Wemerman 0-0: Ball
1-0: Called Strike
1-1: Ball
2-1: Ground out 6-3 (Groundball, 6)
Batting: LHB Javier Antonio 0-0: Called Strike
0-1: Foul Ball, location: 2F
0-2: Foul Ball, location: 2F
0-2: Ball
1-2: Strikes out looking
Bottom of the 2nd over - 0 run(s), 0 hit(s), 0 error(s), 0 left on base; Harrisburg 1 - Louisiana 2
TOP OF THE 3RD
Harrisburg Harriers batting - Pitching for Louisiana Dragoons : LHP Christian Walsh
Batting: LHB Eric Porter 0-0: Ball
1-0: Swinging Strike
1-1: Foul Ball, location: 2F
1-2: Foul Ball, location: 2F
1-2: Fly out, F1 (Line Drive, 15)
Batting: RHB Keith MacKey 0-0: Called Strike
0-1: Ball
1-1: Ball
2-1: Fly out, F3 (Popup, 3L)
Batting: RHB Martín Álvarez 0-0: Ball
1-0: Swinging Strike
1-1: Called Strike
1-2: Strikes out swinging
Top of the 3rd over - 0 run(s), 0 hit(s), 0 error(s), 0 left on base; Harrisburg 1 - Louisiana 2
BOTTOM OF THE 3RD
Louisiana Dragoons batting - Pitching for Harrisburg Harriers : LHP Jeff Schneider
Batting: LHB Gustavo Vázquez 0-0: Ball
1-0: Foul Ball, location: 2F
1-1: Swinging Strike
1-2: Strikes out swinging
Batting: RHB Gary Perkins 0-0: Called Strike
0-1: Ball
1-1: Foul Ball, location: 2F
1-2: Ground out 5-3 (Groundball, 5)
Batting: RHB José Fuentes 0-0: Swinging Strike
0-1: Called Strike
0-2: Ball
1-2: Ball
2-2: Ball
3-2: Ground out 4-3 (Groundball, 4)
Bottom of the 3rd over - 0 run(s), 0 hit(s), 0 error(s), 0 left on base; Harrisburg 1 - Louisiana 2
TOP OF THE 4TH
Harrisburg Harriers batting - Pitching for Louisiana Dragoons : LHP Christian Walsh
Batting: RHB Patrizio Vanali 0-0: Ball
1-0: Ball
2-0: Foul Ball, location: 2F
2-1: Fly out, F9 (Flyball, 9M)
Batting: RHB Bartolo Benítez 0-0: Ball
1-0: Fly out, F7 (Flyball, 78M)
Batting: RHB Jim Scott 0-0: Ball
1-0: Ball
2-0: Foul Ball, location: 2F
2-1: Foul Ball, location: 2F
Error on foul ball, E5
2-2: Reached on error, E6 (Groundball, 6)
Batting: RHB Mike Greene 0-0: Ball
1-0: Fielders Choice at 2nd, U6 (Groundball, 6M)
Top of the 4th over - 0 run(s), 0 hit(s), 2 error(s), 1 left on base; Harrisburg 1 - Louisiana 2
BOTTOM OF THE 4TH
Louisiana Dragoons batting - Pitching for Harrisburg Harriers : LHP Jeff Schneider
Batting: RHB Félix De La Hoya 0-0: Foul Ball, location: 2F
0-1: SOLO HOME RUN (Flyball, 7D), Distance : 398 ft
Batting: RHB Victorino Navarro 0-0: Ground out 5-3 (Groundball, 56S)
Batting: SHB Phil Moore 0-0: Ball
1-0: Swinging Strike
1-1: Foul Ball, location: 2F
1-2: Foul Ball, location: 2F
1-2: Strikes out swinging
Batting: RHB Sancho Rodríguez 0-0: Ball
1-0: Foul Ball, location: 2F
1-1: Swinging Strike
1-2: Ball
2-2: Strikes out swinging
Bottom of the 4th over - 1 run(s), 1 hit(s), 0 error(s), 0 left on base; Harrisburg 1 - Louisiana 3
TOP OF THE 5TH
Harrisburg Harriers batting - Pitching for Louisiana Dragoons : LHP Christian Walsh
Batting: LHB Jim Unknown 0-0: Called Strike
0-1: Ball
1-1: Swinging Strike
1-2: Ball
2-2: SINGLE (Line Drive, 89S)
Batting: RHB Bartolo Morales 0-0: Ball
1-0: Bunt - Flyout! F2
Batting: LHB Eric Porter 0-0: Ball
1-0: Ball
2-0: Called Strike
2-1: Swinging Strike
2-2: Strikes out swinging
Batting: RHB Keith MacKey 0-0: Ball
1-0: Called Strike
1-1: Ball
2-1: SINGLE (Line Drive, 4M)
Jim Unknown to second
Runner from 2nd tries for 3rd, SAFE, no throw or cutoff
Batting: RHB Martín Álvarez 0-0: Ball
1-0: Ball
Wild Pitch!
Jim Unknown scores
Keith MacKey to second
2-0: Called Strike
2-1: Ground out 5-3 (Groundball, 5)
Top of the 5th over - 1 run(s), 2 hit(s), 0 error(s), 1 left on base; Harrisburg 2 - Louisiana 3
BOTTOM OF THE 5TH
Louisiana Dragoons batting - Pitching for Harrisburg Harriers : LHP Jeff Schneider
Batting: RHB Wessel Wemerman 0-0: Ball
1-0: Called Strike
1-1: Ball
2-1: Foul Ball, location: 2F
2-2: Ball
3-2: Strikes out looking
Batting: LHB Javier Antonio 0-0: Ball
1-0: Foul Ball, location: 2F
1-1: Called Strike
1-2: SOLO HOME RUN (Flyball, 9D), Distance : 380 ft
Batting: LHB Gustavo Vázquez 0-0: Ball
1-0: Called Strike
1-1: Foul Ball, location: 2F
1-2: Ball
2-2: Foul Ball, location: 2F
2-2: Ball
3-2: Ground out 4-3 (Groundball, 4M)
Batting: RHB Gary Perkins 0-0: Ball
1-0: Swinging Strike
1-1: Foul Ball, location: 2F
1-2: Ball
2-2: Ground out 4-3 (Groundball, 4)
Bottom of the 5th over - 1 run(s), 1 hit(s), 0 error(s), 0 left on base; Harrisburg 2 - Louisiana 4
TOP OF THE 6TH
Harrisburg Harriers batting - Pitching for Louisiana Dragoons : LHP Christian Walsh
Batting: RHB Patrizio Vanali 0-0: Ball
1-0: Ball
2-0: Foul Ball, location: 2F
2-1: Foul Ball, location: 2F
2-2: Strikes out swinging
Batting: RHB Bartolo Benítez 0-0: Called Strike
0-1: Foul Ball, location: 2F
0-2: Fly out, F9 (Flyball, 89M)
Batting: RHB Jim Scott 0-0: Ball
1-0: Foul Ball, location: 2F
1-1: Ball
2-1: Foul Ball, location: 2F
2-2: Reached on error, E6 (Groundball, 6M)
Batting: RHB Mike Greene 0-0: Ball
1-0: Ball
2-0: Foul Ball, location: 2F
2-1: Ball
3-1: Fly out, F9 (Flyball, 89XD)
Top of the 6th over - 0 run(s), 0 hit(s), 1 error(s), 1 left on base; Harrisburg 2 - Louisiana 4
BOTTOM OF THE 6TH
Louisiana Dragoons batting - Pitching for Harrisburg Harriers : LHP Jeff Schneider
Batting: RHB José Fuentes 0-0: Ball
1-0: Called Strike
1-1: Ball
2-1: SINGLE (Line Drive, 89S)
Batting: RHB Félix De La Hoya 0-0: Called Strike
0-1: Ball
1-1: SINGLE (Flyball, 6MD)
José Fuentes to second
Batting: RHB Victorino Navarro 0-0: Called Strike
0-1: Ball
1-1: Foul Ball, location: 2F
1-2: Ball
2-2: TRIPLE (Line Drive, 9LM)
José Fuentes scores
Félix De La Hoya scores
Batting: SHB Phil Moore 0-0: Intentional Walk
Pitching: LHP Evan Koopman
Batting: RHB Sancho Rodríguez 0-0: Hit by Pitch
Phil Moore to second
Batting: RHB Wessel Wemerman 0-0: Ball
1-0: Fly out, F8 (Flyball, 8RM)
Runner from 3rd tags up, SCORES, no throw
Batting: LHB Javier Antonio 0-0: Called Strike
0-1: Ball
1-1: Swinging Strike
1-2: Ball
2-2: Fly out, F7 (Flyball, 78M)
Batting: LHB Gustavo Vázquez 0-0: Called Strike
0-1: Ball
1-1: Foul Ball, location: 2F
1-2: Strikes out swinging
Bottom of the 6th over - 3 run(s), 3 hit(s), 0 error(s), 2 left on base; Harrisburg 2 - Louisiana 7
TOP OF THE 7TH
Harrisburg Harriers batting - Pitching for Louisiana Dragoons : LHP Christian Walsh
Batting: LHB Jim Unknown 0-0: Called Strike
0-1: Foul Ball, location: 2F
0-2: Ball
1-2: SINGLE (Line Drive, 4D)
Batting: RHB Bartolo Morales 0-0: Ball
1-0: Ball
2-0: Foul Ball, location: 2F
2-1: Swinging Strike
2-2: Foul Ball, location: 2F
2-2: Ball
3-2: Foul Ball, location: 2F
3-2: Strikes out swinging
Batting: LHB Eric Porter 0-0: Swinging Strike
0-1: Ball
1-1: Swinging Strike
1-2: Strikes out swinging
Batting: RHB Keith MacKey 0-0: Ball
1-0: Called Strike
1-1: Foul Ball, location: 2F
1-2: SINGLE (Line Drive, 6MD)
Jim Unknown to second
Batting: RHB Martín Álvarez 0-0: Called Strike
0-1: Fly out, F6 (Popup, 6M)
Top of the 7th over - 0 run(s), 2 hit(s), 0 error(s), 2 left on base; Harrisburg 2 - Louisiana 7
BOTTOM OF THE 7TH
Louisiana Dragoons batting - Pitching for Harrisburg Harriers : LHP Evan Koopman
Batting: RHB Gary Perkins 0-0: Ball
1-0: Ball
2-0: Ball
3-0: Called Strike
3-1: Called Strike
3-2: Strikes out looking
Batting: RHB José Fuentes 0-0: Called Strike
0-1: Ball
1-1: Ball
2-1: Swinging Strike
2-2: Foul Ball, location: 2F
2-2: Ball
3-2: Base on Balls
Batting: RHB Félix De La Hoya 0-0: Foul Ball, location: 2F
0-1: Ground out 5-3 (Groundball, 5S)
José Fuentes to second
Batting: RHB Victorino Navarro 0-0: Ball
1-0: Ball
2-0: Foul Ball, location: 2F
2-1: Ball
3-1: Fly out, F1 (Popup, 23)
Bottom of the 7th over - 0 run(s), 0 hit(s), 0 error(s), 1 left on base; Harrisburg 2 - Louisiana 7
TOP OF THE 8TH
Harrisburg Harriers batting - Pitching for Louisiana Dragoons : LHP Christian Walsh
Now at C: Al Thomas
Now at SS: Juan Barbán
Batting: RHB Patrizio Vanali 0-0: Foul Ball, location: 2F
0-1: Foul Ball, location: 2F
0-2: Strikes out looking
Batting: RHB Bartolo Benítez 0-0: Ball
1-0: Ball
2-0: Called Strike
2-1: Ball
3-1: Base on Balls
Batting: RHB Jim Scott 0-0: Ball
1-0: SINGLE (Line Drive, 4MD)
Bartolo Benítez to second
Batting: RHB Mike Greene 0-0: Ball
1-0: Ball
2-0: DOUBLE (Flyball, 89M)
Bartolo Benítez scores
Jim Scott to third
Batting: LHB Jim Unknown 0-0: Ball
1-0: Called Strike
1-1: Foul Ball, location: 2F
1-2: Fly out, F5 (Popup, 5SF)
Pitching: LHP Víctor Rivero
Batting: RHB Bartolo Morales 0-0: Called Strike
0-1: Foul Ball, location: 2F
0-2: Strikes out swinging
Top of the 8th over - 1 run(s), 2 hit(s), 0 error(s), 2 left on base; Harrisburg 3 - Louisiana 7
BOTTOM OF THE 8TH
Louisiana Dragoons batting - Pitching for Harrisburg Harriers : LHP Evan Koopman
Batting: SHB Phil Moore 0-0: Ball
1-0: Ball
2-0: Fly out, F8 (Line Drive, 8LS)
Batting: RHB Sancho Rodríguez 0-0: Ball
1-0: Fly out, F9 (Flyball, 89M)
Batting: RHB Wessel Wemerman 0-0: Called Strike
0-1: Ball
1-1: Fly out, F9 (Flyball, 9LM)
Bottom of the 8th over - 0 run(s), 0 hit(s), 0 error(s), 0 left on base; Harrisburg 3 - Louisiana 7
TOP OF THE 9TH
Harrisburg Harriers batting - Pitching for Louisiana Dragoons : LHP Víctor Rivero
Batting: LHB Eric Porter 0-0: Ball
1-0: Foul Ball, location: 2F
1-1: Ground out 4-3 (Groundball, 4)
Batting: RHB Keith MacKey 0-0: Ball
1-0: SINGLE (Line Drive, 9S)
Batting: RHB Martín Álvarez 0-0: Swinging Strike
0-1: Foul Ball, location: 2F
0-2: Ball
1-2: Foul Ball, location: 2F
1-2: Foul Ball, location: 2F
1-2: Ball
2-2: Foul Ball, location: 2F
2-2: Strikes out swinging
Batting: RHB Patrizio Vanali 0-0: Foul Ball, location: 2F
Pickoff Throw to First - Out!
Top of the 9th over - 0 run(s), 1 hit(s), 0 error(s), 0 left on base; Harrisburg 3 - Louisiana 7
This league is powered by Out of the Park Baseball, the baseball management simulation game for PC, Mac and Linux
Friday, October 23rd, 2015 - OOTP Baseball 16.9 Build 39